 Dungeon Crawl Stone Soup version 0.24-a0-130-ga3c21ff (console) character file.

Game seed: 17653611128963007527

92 Duffy the Chopper (level 4, -3/39 HPs)
             Began as a Naga Gladiator on Feb 26, 2019.
             Slain by a worm (11 damage)
             ... on level 2 of the Dungeon.
             The game lasted 00:01:16 (1698 turns).

Duffy the Chopper (Naga Gladiator)                  Turns: 1698, Time: 00:01:17

Health: -3/39      AC:  3    Str: 16    XL:     4   Next: 60%
Magic:  13/13      EV: 10    Int: 10    God:
Gold:   90         SH:  0    Dex: 12    Spells: 3/3 levels left

rFire    . . .     SeeInvis +   a - +0 war axe
rCold    . . .     Gourm    .   (no shield)
rNeg     . . .     Faith    .   o - +0 leather armour (curse)
rPois    +         Spirit   .   c - +0 helmet
rElec    .         Reflect  .   (no cloak)
rCorr    .         Harm     .   (no gloves)
MR       .....                  (no barding)
Stlth    +.........             (no amulet)
HPRegen  0.13/turn              p - ring of magical power
MPRegen  0.13/turn              (no ring)

@: very slow
A: large, see invisible, deformed body, poison resistance, slowness 2, slow
metabolism 1, spit poison 1, AC +1
a: Spit Poison


You were on level 2 of the Dungeon.
You were hungry.

You visited 1 branch of the dungeon, and saw 2 of its levels.

You collected 90 gold pieces.

Inventory:

Hand Weapons
 a - a +0 war axe (weapon)
 i - a +0 hand axe of flaming
Missiles
 d - 3 throwing nets (quivered)
Armour
 c - a +0 helmet (worn)
 o - a cursed +0 leather armour (worn)
 r - a +0 cloak
Jewellery
 p - a ring of magical power (left hand)
Scrolls
 e - a scroll of fear {unknown}
 g - a scroll of magic mapping {unknown}
 h - a scroll of enchant armour {unknown}
 j - a scroll of teleportation {unknown}
 m - a scroll of blinking {unknown}
 n - a scroll of fog {unknown}
 q - a scroll of enchant weapon {unknown}
Potions
 k - a potion of curing {unknown}
 l - a potion of lignification {unknown}
Comestibles
 f - 4 rations


   Skills:
 - Level 2.0 Fighting
 + Level 5.2 Axes
 - Level 1.7 Throwing
 - Level 2.4 Dodging


You had 3 spell levels left.
You didn't know any spells.
Your spell library was empty.

Dungeon Overview and Level Annotations

Branches:
Dungeon (2/15)

Altars:

Annotations:
D:2 Robin


Innate Abilities, Weirdness & Mutations

You cannot wear boots.
Your serpentine skin is tough. (AC +1)
You have supernaturally acute eyesight. (SInv)
Armour fits poorly on your strangely shaped body.
Your system is resistant to poisons. (rPois)
You cover ground very slowly.
You have a slow metabolism.
You can spit poison.


Message History

A hobgoblin comes into view.
The dart slug launches a dart at you. The slug dart hits you.
The hobgoblin hits you but does no damage.
The hobgoblin shouts!
You hit the hobgoblin.
The hobgoblin is lightly wounded.
You slash the dart slug!
You have got your breath back.
You hear a shout!
The hobgoblin hits you.
A goblin comes into view. It is wielding a +0 club.
The dart slug bites you.
The goblin shouts!
You slash the hobgoblin!
You kill the hobgoblin!
You hit the dart slug.
You kill the dart slug!
The worm bites you!
You die...

.##... .##... #.#
#.#.... #.#... #.#
.....#. ##.....
#.##.g...... .......
#g##.......## .......
#.#.#..#.#..# # .?...
#...........##.#
#..#..##g#....#.....#.##
#....w@.))%.............
#..##.##..............#
#. #.#............# .#
###.#.#..#.....#. .#
#....#..#.....#. #.
##......#....... #
#....#.##......
#....#.###.....
#....#.......#.


You could see a worm and 2 goblins.

Vanquished Creatures
  Natasha (D:2)
  2 adders (D:2)
  An ooze (D:1)
  2 dart slugs
  A leopard gecko (D:1)
  A giant cockroach (D:1)
  4 goblins
  10 hobgoblins
  4 kobolds
  7 bats
  3 frilled lizards
  4 rats
40 creatures vanquished.

Notes
Turn   | Place    | Note
-------+----------+-------------------------------------------
     0 | D:1      | Duffy the Naga Gladiator began the quest for the Orb.
     0 | D:1      | Reached XP level 1. HP: 19/19 MP: 1/1
   134 | D:1      | Reached XP level 2. HP: 20/26 MP: 2/2
   384 | D:1      | Reached skill level 4 in Axes
   494 | D:1      | Reached XP level 3. HP: 32/32 MP: 3/3
  1671 | D:2      | Noticed Natasha
  1681 | D:2      | Killed Natasha
  1681 | D:2      | Reached skill level 5 in Axes
  1681 | D:2      | Reached XP level 4. HP: 28/39 MP: 4/4
  1692 | D:2      | Noticed Robin
  1698 | D:2      | Slain by a worm

Levels and vault maps discovered:
D:1:      psy_arrival_radial02, layout_loops_corners, minmay_misc_feat_hallway
D:2:      layout_basic, marbit_many_paths, serial_rivers,
          chequers_serial_rivers_micro_d, chequers_serial_rivers_micro_e,
          chequers_serial_rivers_small_b, chequers_serial_rivers_micro_e,
          chequers_serial_rivers_micro_d, chequers_serial_rivers_marsh,
          minivault_23, minmay_misc_feat_alley, uniq_robin, uniq_natasha

Skill      XL: |  1  2  3 |
---------------+----------+-----
Axes           | 4 5 |  5.2
Fighting       | |  2.0
Throwing       | |  1.7
Dodging        | |  2.4

Action                   |  1- 3 |  4- 6 || total
-------------------------+-------+-------++-------
Melee: War axe           |    96 |    10 ||   106
 Abil: Spit Poison       |     1 |     1 ||     2
 Stab: Sleeping          |     1 |       ||     1
  Eat: Chunk             |     1 |       ||     1
Armor: Leather armour    |    40 |     4 ||    44
Dodge: Dodged            |    50 |    11 ||    61

Table legend:
 A = Non-vault XP
 B = Vault XP
 C = Vault XP percentage of total XP
 D = Non-vault monster count
 E = Vault monster count
 F = Vault count percentage of total count
                 A         B        C        D         E       F
            +---------+---------+-------+---------+---------+-------
      Total |      86 |      46 |  34.8 |      34 |       6 |  15.0
            +---------+---------+-------+---------+---------+-------
        D:1 |      47 |       0 |   0.0 |      24 |       0 |   0.0
        D:2 |      39 |      46 |  54.1 |      10 |       6 |  37.5
            +---------+---------+-------+---------+---------+-------
